 Dungeon Crawl Stone Soup version 0.31-a0-180-g519b7de00c (webtiles) character file.

Game seed: 8315320738637337286

99 qw the Chopper (level 4, -3/28 HPs)
             Began as a Gargoyle Fighter on June 19, 2023.
             Slain by Ijyb
             ... wielding a +4 club
              (5 damage)
             ... on level 4 of the Dungeon.
             The game lasted 00:00:29 (1011 turns).

qw the Chopper (Gargoyle Fighter)                   Turns: 1011, Time: 00:00:29

Health: -3/28      AC: 10    Str: 21    XL:     4   Next: 72%
Magic:  4/4        EV:  9    Int:  9    God:
Gold:   33         SH:  4    Dex:  9    Spells: 3/3 levels left

rFire   . . .        Y - +0 war axe
rCold   . . .        c - +0 buckler
rNeg    + . .        b - +0 scale mail
rPois   inf          (no helmet)
rElec   +            (no cloak)
rCorr   .            (no gloves)
SInv    .            (no boots)
Will    .....        (no amulet) Stlth
                     (no ring)
HPRegen 0.24/turn    (no ring)
MPRegen 0.09/turn

%: no passive effects
@: no status effects
A: sickness immunity, AC +3, negative energy resistance 1, electricity
resistance, torment resistance 1, petrification resistance
a: no special abilities


You were on level 4 of the Dungeon.
You visited 1 branch of the dungeon, and saw 3 of its levels.

You collected 33 gold pieces.


Innate Abilities, Weirdness & Mutations

You are immune to sickness and miasma.
Your stone body is resilient. (AC +3)
You are immune to poison.
You resist negative energy. (rN+)
You are resistant to electric shocks. (rElec)
You are resistant to unholy torment.
You are immune to petrification.


   Skills:
 - Level 3.2 Fighting
 + Level 4.3 Axes
 - Level 3.2 Armour
 - Level 3.2 Shields


You had 3 spell levels left.
You didn't know any spells.
Your spell library was empty.

Inventory:

Hand Weapons
 e - a +0 whip
 Y - a +0 war axe (weapon)
Armour
 b - a +0 scale mail (worn)
 c - a +0 buckler (worn)
Potions
 d - a potion of might
 f - 2 potions of curing
 g - a potion of brilliance {unknown}
 h - a potion of berserk rage {unknown}

Dungeon Overview and Level Annotations

Branches:
Dungeon (2/15)

Altars:

Annotations:
D:4 Ijyb


Message History

The sleepcap is severely damaged.
You hit Ijyb. Ijyb hits you but does no damage.
The sleepcap releases spores at you but does no damage.
You hit the sleepcap.
The sleepcap is severely damaged.
You hit Ijyb but do no damage. Ijyb hits you with a +4 club.
You block the sleepcap's attack. Ijyb hits you but does no damage.
The sleepcap releases spores at you but does no damage.
You slash the sleepcap!
The sleepcap is almost destroyed.
You hit Ijyb. Ijyb hits you with a +4 club. You block the sleepcap's attack.
You hit the sleepcap.
You destroy the sleepcap!
You hit Ijyb but do no damage. Ijyb hits you with a +4 club.
You barely miss Ijyb.
Ijyb is heavily wounded.
Ijyb barely misses you. Ijyb hits you with a +4 club.
You slash Ijyb!
Ijyb is almost dead.
Ijyb hits you with a +4 club.
You closely miss Ijyb.
Ijyb is almost dead.
Ijyb hits you with a +4 club.
You closely miss Ijyb.
Ijyb is almost dead.
Ijyb closely misses you. Ijyb hits you with a +4 club.
You closely miss Ijyb.
Ijyb is almost dead.
Ijyb hits you with a +4 club.
You closely miss Ijyb.
Ijyb is almost dead.
Ijyb drinks a potion.
Ijyb is healed!
You closely miss Ijyb.
Ijyb is heavily wounded.
Ijyb hits you with a +4 club.
You die...

#.......$..
#..........
#####..........
..#............
...............
..............#
........g.....#
.......@........
...........#....#
..........###.....
.?.###..####......
.. ##..##........
. #...##........
####............
.#..##...........
.......#.........


You could see Ijyb.

Vanquished Creatures
  A sleepcap (D:4)
  Natasha (D:1)
  An adder (D:1)
  4 dart slugs (D:1)
  5 ball pythons
  An endoplasm (D:1)
  3 goblins (D:1)
  3 hobgoblins
  3 jackals (D:1)
  A kobold (D:1)
  2 frilled lizards (D:1)
  5 rats (D:1)
30 creatures vanquished.

Notes
Turn   | Place    | Note
-------+----------+-------------------------------------------
     0 | D:1      | qw the Gargoyle Fighter began the quest for the Orb.
     0 | D:1      | Reached XP level 1. HP: 14/14 MP: 1/1
     0 | D:1      | 0 ||| qw: Version: 0.3-a-7-ge0c9b40
     0 | D:1      | 0 ||| qw: Game counter: 981
     0 | D:1      | 0 ||| qw: Always use a shield: true
     0 | D:1      | 0 ||| qw: God list: Okawaru
     0 | D:1      | 0 ||| qw: Allow faded altars: false
     0 | D:1      | 0 ||| qw: Do Orc after D:15 true
     0 | D:1      | 0 ||| qw: Do second Lair branch before Depths: true
     0 | D:1      | 0 ||| qw: Lair rune preference: random
     0 | D:1      | 0 ||| qw: Plans: Normal, Zot:1-4, Slime:5, God:TSO, Crypt,
                  | Tomb, Abyss, Pan, Hells, Win
     0 | D:1      | 0 ||| PLANNING D:1-11
     4 | D:1      | 4 ||| Stepping ~*~*~tactically~*~*~ (stealth).
    14 | D:1      | Reached skill level 2 in Axes
   100 | D:1      | Reached XP level 2. HP: 19/19 MP: 2/2
   215 | D:1      | 215 ||| Stepping ~*~*~tactically~*~*~ (hiding).
   447 | D:1      | 447 ||| Stepping ~*~*~tactically~*~*~ (hiding).
   458 | D:1      | Reached skill level 3 in Axes
   465 | D:1      | Reached XP level 3. HP: 20/23 MP: 3/3
   800 | D:1      | 800 ||| READING scroll labelled QEKOEL BOJ QOSH.
   801 | D:1      | 801 ||| DRINKING 3 pink potions.
   821 | D:2      | Noticed Natasha
   823 | D:2      | 823 ||| STAIRDANCE
   873 | D:2      | 873 ||| STAIRDANCE
   881 | D:1      | Killed Natasha
   882 | D:1      | Reached skill level 4 in Axes
   882 | D:1      | Reached XP level 4. HP: 11/28 MP: 4/4
   961 | D:2      | You fall into a shaft and drop 2 floors!
   995 | D:4      | Noticed Ijyb
  1007 | D:4      | HP: 7/28 [Ijyb/+4 club (4)]
  1009 | D:4      | HP: 2/28 [Ijyb/+4 club (3)]
  1011 | D:4      | Slain by Ijyb

Levels and vault maps discovered:
D:1:      dpeg_arrival_shelter, layout_basic
D:2:      layout_rooms, uniq_natasha
D:4:      layout_cave_pools, xom_redecorated, st_stairs_7,
          sigmund_edmund_badplayer, uniq_edmund, uniq_menkaure, uniq_ijyb

Skill      XL: |  1  2  3 |
---------------+----------+-----
Axes           | 2 3 4 |  4.3
Fighting       | |  3.2
Armour         | |  3.2
Shields        | |  3.2

Action                     |  1- 3 |  4- 6 || total
---------------------------+-------+-------++-------
  Melee: War axe           |    80 |    16 ||    96
    Use: Scroll            |     1 |       ||     1
         Potion            |     1 |       ||     1
 Armour: Scale mail        |    52 |    10 ||    62
  Dodge: Dodged            |    42 |     5 ||    47
  Block: Buckler           |    18 |     3 ||    21

Table legend:
 A = Non-vault XP
 B = Vault XP
 C = Vault XP percentage of total XP
 D = Non-vault monster count
 E = Vault monster count
 F = Vault count percentage of total count
                 A         B        C        D         E       F
            +---------+---------+-------+---------+---------+-------
      Total |     106 |      36 |  25.4 |      29 |       1 |   3.3
            +---------+---------+-------+---------+---------+-------
        D:1 |      62 |      36 |  36.7 |      25 |       1 |   3.8
        D:2 |       4 |       0 |   0.0 |       3 |       0 |   0.0
        D:4 |      40 |       0 |   0.0 |       1 |       0 |   0.0
            +---------+---------+-------+---------+---------+-------
